 Dungeon Crawl Stone Soup version 0.27.1-33-g824d729ab1 (webtiles) character file.

Game seed: 13316792213245848173

3371 Kaptain the Geomancer (level 10, -3/60 HPs)
             Began as a Gargoyle Earth Elementalist on Dec 15, 2021.
             Slain by a hornet (8 damage)
             ... on level 7 of the Dungeon.
             The game lasted 00:25:54 (10093 turns).

Kaptain the Geomancer (GrEE)                       Turns: 10093, Time: 00:25:54

Health: -3/60      AC: 10    Str: 12    XL:     10   Next: 3%
Magic:  13/21      EV: 11    Int: 19    God:
Gold:   290        SH:  0    Dex: 10    Spells: 13/23 levels left

rFire    . . .     SeeInvis .   H - +1 falchion (vorpal)
rCold    . . .     Faith    .   (no shield)
rNeg     + . .     Spirit   .   i - +0 leather armour
rPois    ∞         Reflect  .   (no helmet)
rElec    +         Harm     .   (no cloak)
rCorr    .         Rampage  .   (no gloves)
Will     .....                  (no boots)
Stlth    ++........             (no amulet)
HPRegen  0.20/turn              (no ring)
MPRegen  0.17/turn              (no ring)

@: marked
A: sickness immunity, AC +7, negative energy resistance 1, electricity
resistance, torment resistance 1, petrification resistance
a: no special abilities


You were on level 7 of the Dungeon.
You visited 2 branches of the dungeon, and saw 9 of its levels.

You collected 290 gold pieces.

Inventory:

Hand Weapons
 t - a +0 trident
 A - a +2 vampiric dagger
 C - a +0 morningstar
 H - a +1 vorpal falchion (weapon)
Missiles
 c - 111 stones
Armour
 b - a +0 robe
 i - a +0 leather armour (worn)
 r - a scarf of shadows
 D - the +0 leather armour "Zuloegh" {rElec Will+++ Int-2 Dex-4}
   (You found it on level 6 of the Dungeon)

   Int:       It affects your intelligence (-2).
   Dex:       It affects your dexterity (-4).
   rElec:     It insulates you from electricity.
   Will:      It greatly increases your willpower.
Magical Staves
 h - a staff of death
 o - a staff of fire
Jewellery
 n - a ring of see invisible
Wands
 l - a wand of digging (5)
 u - a wand of flame (10)
 E - a wand of paralysis (5)
 F - a wand of iceblast (8)
Scrolls
 a - 2 scrolls of magic mapping
 d - 7 scrolls of identify
 f - 2 scrolls of vulnerability {unknown}
 g - 3 scrolls of amnesia {unknown}
 k - 4 scrolls of teleportation {unknown}
 p - 2 scrolls of blinking {unknown}
 w - a scroll of fear {unknown}
 y - a scroll of fog {unknown}
 B - a scroll of enchant weapon {unknown}
 G - a scroll of torment {unknown}
Potions
 e - a potion of cancellation
 j - a potion of lignification
 m - 2 potions of might
 s - 2 potions of invisibility
 v - a potion of curing
 x - 2 potions of flight


   Skills:
 + Level 5.6 Fighting
 + Level 5.7 Armour
 - Level 1.5 Dodging
 - Level 2.1 Stealth
 * Level 7.3 Spellcasting
 * Level 3.7 Conjurations
 - Level 0.7 Transmutations
 + Level 1.3 Fire Magic
 * Level 9.8 Earth Magic


You had 13 spell levels left.
You knew the following spells:

 Your Spells              Type           Power      Damage    Failure   Level
a - Sandblast             Erth           88%        2d18      1%          1
b - Stone Arrow           Conj/Erth      64%        3d11      2%          3
c - Passwall              Tmut/Erth      22%        N/A       2%          2
d - Conjure Flame         Conj/Fire      16%        6-21      13%         3
e - Foxfire               Conj/Fire      64%        2x1d7     4%          1

Your spell library contained the following spells:

 Spells                   Type           Power      Damage    Failure   Level
 Petrify                  Tmut/Erth      27%        N/A       14%         4
 Inner Flame              Hex/Fire       9%         N/A       28%         3


Dungeon Overview and Level Annotations

Branches:
Dungeon (8/15)             Temple (1/1) D:4
   Lair: D:8-11

Altars:
Ashenzari
Cheibriados
Dithmenos
Elyvilon
Fedhas
Gozag
Hepliaklqana
Kikubaaqudgha
Nemelex Xobeh
Okawaru
Qazlal
Ru
Sif Muna
Trog
Uskayaw
Vehumet
Yredelemnul
Zin
The Shining One

Shops:
D:3 :   D:4 (   D:7 (

Annotations:
D:6 1 runed translucent door, TangoThomas's ghost, novice DrGl
D:8 Harold


Innate Abilities, Weirdness & Mutations

You are immune to sickness and miasma.
Your stone body is resilient. (AC +7)
You are immune to poison.
You resist negative energy. (rN+)
You are resistant to electric shocks. (rElec)
You are resistant to unholy torment.
You are immune to petrification.


Message History

There is a stone staircase leading down here.
Casting: Stone Arrow (dangerous; 2% risk of failure)
Confirm with . or Enter, or press ? or * to list all spells.
Aiming: Stone Arrow (dangerous; 2% risk of failure)
Press: ? - help, Shift-Dir - straight line, f - hornet
Aim: a hornet (60% to hit)
The stone arrow hits the hornet.
The hornet is lightly wounded.
The hornet stings you!
* * * LOW HITPOINT WARNING * * *
That's the wrong kind of item! (Use * to select it.) Evoke which item? (* to show all) (? for menu, Esc to quit)
Okay, then.
Aiming: Iceblast
Press: ? - help, Shift-Dir - straight line, p - hornet The mass of ice explodes!
The iceblast engulfs the hornet!
The hornet is heavily wounded.
The hornet closely misses you. The hornet stings you!
* * * LOW HITPOINT WARNING * * *
Unknown command.
You feel better. The hornet stings you.
* * * LOW HITPOINT WARNING * * *
Casting: Stone Arrow (dangerous; 2% risk of failure)
Confirm with . or Enter, or press ? or * to list all spells.
Aiming: Stone Arrow (dangerous; 2% risk of failure)
Press: ? - help, Shift-Dir - straight line, f - hornet
Aim: a hornet (heavily wounded, 60% to hit)
The stone arrow hits the hornet!
The hornet is almost dead.
The hornet stings you!
* * * LOW HITPOINT WARNING * * *
The hornet barely misses you.
You riposte.
You barely miss the hornet.
The hornet is almost dead.
Casting: Stone Arrow (dangerous; 2% risk of failure)
Confirm with . or Enter, or press ? or * to list all spells.
Aiming: Stone Arrow (dangerous; 2% risk of failure)
Press: ? - help, Shift-Dir - straight line, f/p - hornet
Aim: a hornet (almost dead, 60% to hit)
The stone arrow misses the hornet.
The hornet stings you!
You die...

................###..>).###.# #.
.....................<#.....# #.
........#......###...##..#### ##
....##..#.................#######
....##................###........
######.........####...#####......
##.#..............###.......
#......#...y...#...........
###.......@....#####....)..
###......................
#....∩.........##.......
#..............#........
##..<...........#........
#........................
#...............##.......
#.#####..#......##....... #.#
#...........##.......


You could see a hornet.

Vanquished Creatures
  Prince Ribbit (D:5)
  Grinder (D:4)
  3 yaks (D:7)
  A water moccasin (D:7)
  An orc warrior (D:6)
  A sky beast (D:6)
  2 necrophages
  3 black bears
  2 ogres
  3 centaurs (D:5)
  A phantom (D:4)
  A bullfrog (D:7)
  A scorpion (D:4)
  A water moccasin skeleton (D:3)
  A howler monkey (D:4)
  3 wights (D:7)
  A hound (D:6)
  A bullfrog skeleton (D:5)
  2 jellies
  6 orc priests
  A centaur skeleton (D:7)
  Jessica (D:3)
  4 iguanas
  A scorpion zombie (D:4)
  11 orc wizards
  Natasha (twice) (D:2)
  A hound zombie (D:4)
  3 gnolls (D:4)
  A howler monkey skeleton (D:7)
  4 adders
  A shadow imp (D:6)
  A white imp (D:6)
  A worm (D:2)
  A dart slug (D:1)
  18 orcs
  6 endoplasms
  5 giant cockroaches
  4 goblins
  4 hobgoblins
  4 jackals (D:4)
  4 kobolds
  5 quokkas
  4 ball pythons
  2 bats (D:1)
  2 frilled lizards (D:3)
  A rat (D:1)
128 creatures vanquished.

Notes
Turn   | Place    | Note
-------+----------+-------------------------------------------
     0 | D:1      | Kaptain the Gargoyle Earth Elementalist began the quest for
                  | the Orb.
     0 | D:1      | Reached XP level 1. HP: 10/10 MP: 3/3
   328 | D:1      | Reached XP level 2. HP: 16/16 MP: 3/5
   546 | D:1      | Found a faded altar of an unknown god.
   720 | D:1      | Reached skill level 4 in Earth Magic
  1124 | D:2      | Noticed Natasha
  1126 | D:2      | Noticed a crimson imp
  1128 | D:2      | Killed Natasha
  1129 | D:2      | Reached skill level 1 in Fighting
  1129 | D:2      | Reached skill level 1 in Armour
  1129 | D:2      | Reached XP level 3. HP: 14/20 MP: 1/6
  1284 | D:2      | Reached XP level 4. HP: 25/25 MP: 3/8
  1439 | D:2      | Noticed Natasha
  1442 | D:2      | Killed Natasha
  1555 | D:2      | Learned a level 3 spell: Stone Arrow
  1558 | D:2      | Learned a level 2 spell: Passwall
  2016 | D:3      | Reached XP level 5. HP: 30/30 MP: 3/9
  2417 | D:3      | Reached skill level 5 in Earth Magic
  2648 | D:3      | Found a hide-covered altar of Uskayaw.
  2648 | D:3      | Noticed a +0 spear
  2649 | D:3      | Noticed a +0 spear
  2650 | D:3      | Noticed a +0 short sword
  2650 | D:3      | Noticed a +0 falchion
  2650 | D:3      | Noticed a +0 dagger
  2651 | D:3      | Noticed a +0 falchion
  2651 | D:3      | Noticed a +0 short sword
  2652 | D:3      | Noticed a +0 dagger
  2706 | D:3      | Noticed Jessica
  2712 | D:3      | Killed Jessica
  2859 | D:3      | Found Vov Hicw's Book Boutique.
  3059 | D:4      | Noticed a phantom
  3066 | D:4      | Killed a phantom
  3067 | D:4      | Reached XP level 6. HP: 31/36 MP: 4/11
  3181 | D:4      | Found a staircase to the Ecumenical Temple.
  3188 | Temple   | Entered the Ecumenical Temple
  3430 | D:4      | Noticed Grinder
  3447 | D:4      | Paralysed by Grinder for 3 turns
  3457 | D:4      | Paralysed by Grinder for 2 turns
  3461 | D:4      | Killed Grinder
  3462 | D:4      | Reached skill level 6 in Earth Magic
  3462 | D:4      | Reached XP level 7. HP: 17/41 MP: 3/13
  3809 | D:4      | Found a basalt altar of Yredelemnul.
  4246 | D:4      | Found Pastirach's Antique Weapon Boutique.
  4441 | D:5      | Entered Level 5 of the Dungeon
  4654 | D:4      | Reached skill level 5 in Spellcasting
  4654 | D:4      | Reached skill level 7 in Earth Magic
  4654 | D:4      | Reached XP level 8. HP: 34/47 MP: 4/15
  4949 | D:5      | Noticed Prince Ribbit
  4988 | D:5      | Killed Prince Ribbit
  6082 | D:5      | Reached skill level 8 in Earth Magic
  7111 | D:6      | Reached XP level 9. HP: 52/52 MP: 5/18
  7413 | D:6      | Reached skill level 5 in Armour
  7413 | D:6      | Reached skill level 9 in Earth Magic
  7667 | D:6      | Found a radiant altar of Vehumet.
  7667 | D:6      | Found a shimmering blue altar of Sif Muna.
  7758 | D:6      | Identified the +0 leather armour "Zuloegh" {rElec Will+++
                  | Int-2 Dex-4}
  7798 | D:6      | Reached skill level 5 in Fighting
  8145 | D:6      | Found a runed translucent door.
  8146 | D:6      | Noticed TangoThomas's ghost (novice DrGl)
  8196 | D:6      | Reached skill level 1 in Conjurations
  8808 | D:7      | Found Jorifeiv's Weapon Shop.
  9213 | D:7      | Learned a level 3 spell: Conjure Flame
  9215 | D:7      | Learned a level 1 spell: Foxfire
  9483 | D:8      | Noticed Harold
  9786 | D:7      | Reached skill level 1 in Fire Magic
  9907 | D:7      | Reached XP level 10. HP: 59/60 MP: 13/21
  9969 | D:8      | Noticed a seven-headed hydra
 10093 | D:7      | Slain by a hornet

Illustrated notes

Levels and vault maps discovered:
D:1:      dpeg_arrival_round_b, layout_loops_ring,
          chequers_ecumenical_altar_simple
D:2:      layout_basic, uniq_natasha
D:3:      layout_loops_corners, nicolae_uskayaw_en_pointe, serial_shops,
          nicolae_shop_behind_doors, uniq_jessica
D:4:      layout_basic, lemuel_zombie_altar_yredelemnul,
          minmay_temple_entry_wispy, serial_shops, shop, uniq_grinder
D:5:      layout_basic, due_unseen_surprise, uniq_prince_ribbit1
D:6:      layout_loops_corners, gammafunk_temple_overflow_wave,
          ebering_ghost_reflecting_pool
D:7:      layout_rooms, nicolae_stop_n_shop_1, corexii_leaking_fountain,
          abandoned_shop
D:8:      layout_cave_pools, uniq_harold
Temple:   regret_index_temple_generic_petals

Skill      XL: |  1  2  3  4  5  6  7  8  9 |
---------------+----------------------------+-----
Earth Magic    | 4 5 6 7 8 9 |  9.8
Fighting       | 1 2 3 4 5 |  5.6
Armour         | 1 2 3 4 5 |  5.7
Spellcasting   | 3 4 5 6 7 |  7.3
Conjurations   | 3 |  3.7
Fire Magic     | 1 |  1.3
Dodging        | |  1.5
Stealth        | |  2.1
Transmutations | |  0.7

Action                   |  1- 3 |  4- 6 |  7- 9 | 10-12 || total
-------------------------+-------+-------+-------+-------++-------
Melee: Hand axe          |     1 |       |       |       ||     1
       Short sword       |       |     8 |    17 |       ||    25
       Falchion          |       |       |     2 |       ||     2
 Cast: Sandblast         |    27 |    46 |    65 |       ||   138
       Stone Arrow       |       |     2 |   103 |     4 ||   109
Evoke: Wand              |       |     3 |     3 |     2 ||     8
  Use: Scroll            |       |     1 |     6 |       ||     7
       Potion            |       |     1 |     3 |     1 ||     5
Armor: Leather armour    |     3 |     9 |    37 |     1 ||    50
Dodge: Dodged            |     5 |    19 |    46 |     3 ||    73
       Rpst.: Falchion   |       |       |       |     1 ||     1
